[Event "Team 45 45 League T47"]
[Site "Internet Chess Club"]
[Date "2010.12.12"]
[Round "6"]
[White "rayonline53"]
[Black "quotha"]
[Result "0-1"]
[WhiteElo "1504"]
[BlackElo "1661"]
[Opening "Philidor's defense"]
[ECO "C41"]
[Time "16:55:30"]
[TimeControl "2700+45"]

1. e4 e5 2. Nf3 d6 3. Bc4 Be7 4. d3 Nf6 5. Nc3 O-O 6. h3 Nbd7 7. Be3 c6 8. Ne2
d5 9. exd5 cxd5 10. Bb3 Qc7 11. O-O b6 12. Ng3 Re8 13. Qe2 Bb7 14. Rad1 Rad8 15.
c3 Ba6 16. Qc2 Bf8 17. Rfe1 Bb7 18. d4 e4 19. Nh2 Bd6 20. Nhf1 Nf8 21. Nf5 Bf4
22. N5g3 b5 23. a3 Ng6 24. Qd2 Bc8 25. Ne2 Nh5 26. Bc2 f5 27. Nxf4 Ngxf4 28. Ng3
Nxh3+ 29. gxh3 Nxg3 30. Bf4 Qf7 31. Bxg3 Qh5 32. h4 Qg4 33. Qe2 Qg6 34. Kh2 f4
35. Bxf4 Qf5 36. Qe3 Rf8 37. Bg3 Qh3+ 38. Kg1 Bg4 39. Bxe4 dxe4 40. Qxe4 Bf3 41.
Qe6+ Qxe6 {White resigns} 0-1

[Event "Team 45 45 League T47"]
[Site "Internet Chess Club"]
[Date "2010.12.10"]
[Round "6"]
[White "mongmong"]
[Black "nursey"]
[Result "0-1"]
[WhiteElo "1533"]
[BlackElo "1545"]
[Opening "Queen's pawn game"]
[ECO "D05"]
[Time "16:51:41"]
[TimeControl "2700+45"]

1. d4 d5 2. Nf3 Nf6 3. e3 e6 4. Bd3 Bb4+ 5. c3 Bd6 6. Nbd2 O-O 7. O-O c5 8. dxc5
Bxc5 9. e4 Nc6 10. exd5 Qxd5 11. Nb3 Rd8 12. Nxc5 Qxc5 13. Qe2 b6 14. Bg5 Bb7
15. Bxf6 gxf6 16. Rfd1 Rac8 17. Rd2 Qa5 18. a3 Ne5 19. Nxe5 Qxe5 20. Qxe5 fxe5
21. Rad1 Kg7 22. f3 f6 23. Kf2 a5 24. Ke3 Kh6 25. Bc2 Rxd2 26. Rxd2 Bd5 27. Be4
Rd8 28. c4 f5 29. Bc2 f4+ 30. Kf2 e4 31. cxd5 e3+ 32. Ke2 exd2 33. Kxd2 exd5 34.
Bf5 b5 35. Kd3 Rg8 36. Bh3 Kg5 37. Kd4 Rd8 38. Be6 Kf6 39. Bxd5 Kf5 40. Kc5 Ke5
41. Be4 Rd2 42. Kxb5 Rxb2+ 43. Kxa5 Rxg2 44. Bxh7 Rxh2 45. Be4 Kd6 46. a4 Kc5
47. Ka6 Kb4 48. a5 Rh6+ 49. Kb7 Kxa5 50. Kc7 Kb5 51. Kd7 Kc5 52. Ke7 Kd4 53. Kf7
Ke5 54. Kg7 Rh1 55. Kg6 Re1 56. Ba8 Rg1+ 57. Kh5 Rd1 58. Kg4 Rg1+ 59. Kh3 Ra1
60. Bb7 Ra7 61. Bc6 Rc7 62. Ba8 Rh7+ 63. Kg2 Rd7 64. Kf2 Rd2+ 65. Ke1 Rg2 66.
Kf1 Rh2 67. Kg1 Re2 68. Kf1 Rc2 69. Ke1 Kd4 70. Be4 Rg2 71. Kf1 Rd2 72. Ke1 Ke3
73. Ba8 Ra2 {White resigns} 0-1

[Event "Team 45 45 League T47"]
[Site "Internet Chess Club"]
[Date "2010.12.09"]
[Round "6"]
[White "oldprez"]
[Black "MCJR"]
[Result "0-1"]
[WhiteElo "1494"]
[BlackElo "1484"]
[Opening "Sicilian: Labourdonnais-Löwenthal variation"]
[ECO "B32"]
[Time "21:00:39"]
[TimeControl "2700+45"]

1. e4 c5 2. d4 cxd4 3. Nf3 Nc6 4. Nxd4 e5 5. Nxc6 bxc6 6. c4 Nf6 7. Nc3 Bc5 8.
Be2 d6 9. O-O O-O 10. a3 a5 11. Kh1 Bd4 12. Bg5 Qe7 13. f4 c5 14. Nd5 Qb7 15.
Nxf6+ gxf6 16. Bxf6 Qxe4 17. Bf3 Qf5 18. fxe5 Rb8 19. Bd5 Qg4 20. Qxg4+ Bxg4 21.
Rf4 Bh5 22. Rf5 Bg6 23. Rg5 dxe5 24. h4 h6 25. Rg3 h5 26. Bf3 Kh7 27. Re1 e4 28.
Bxe4 Bxf6 29. Bxg6+ fxg6 30. Rge3 Bxh4 31. R1e2 Bf6 32. b3 Bd4 33. Re7+ Kh6 34.
Ra7 Rxb3 35. Rxa5 Rf1+ 36. Kh2 Ra1 37. a4 Rba3 38. Rc2 Rxa4 39. Rxa4 Rxa4 40.
Kg3 Ra3+ 41. Kf4 Rc3 42. Rxc3 Bxc3 43. Ke4 Bd4 44. Kf4 g5+ 45. Kf5 h4 46. Kg4
Kg6 47. g3 hxg3 48. Kxg3 Kf5 49. Kf3 Bc3 50. Kg3 g4 51. Kg2 Kf4 52. Kf2 g3+ 53.
Kg2 Kg4 54. Kf1 Kf3 55. Kg1 Bd4+ 56. Kf1 g2+ {White resigns} 0-1

[Event "Team 45 45 League T47"]
[Site "Internet Chess Club"]
[Date "2010.12.11"]
[Round "6"]
[White "zepled37"]
[Black "Grenadier"]
[Result "1-0"]
[WhiteElo "1683"]
[BlackElo "1719"]
[Opening "Caro-Kann: advance variation"]
[ECO "B12"]
[Time "10:04:40"]
[TimeControl "2700+45"]

1. e4 c6 2. d4 d5 3. e5 Bf5 4. Nc3 e6 5. g4 Bg6 6. Nge2 Be7 7. Be3 Nd7 8. Nf4
Rc8 9. Nxg6 hxg6 10. Bd3 Rh3 11. Ne2 Bh4 12. Ng3 Bxg3 13. fxg3 c5 14. c3 Qa5 15.
O-O Qb6 16. Rb1 c4 17. Kg2 Rh8 18. Bc2 Ne7 19. Bg5 Rf8 20. Qe2 a5 21. Rf2 a4 22.
Bxa4 Qa5 23. Bxd7+ Kxd7 24. a3 Ng8 25. Rbf1 Ke8 26. Qc2 Rc7 27. Rf3 Qb5 28. R1f2
Qd7 29. Qxg6 {Black resigns} 1-0

[Event "Team 45 45 League T47"]
[Site "Internet Chess Club"]
[Date "2010.12.12"]
[Round "6"]
[White "GoIrish"]
[Black "bmw2002"]
[Result "1-0"]
[WhiteElo "1540"]
[BlackElo "1551"]
[Opening "Réti opening"]
[ECO "A05"]
[Time "21:16:57"]
[TimeControl "2700+45"]

1. Nf3 Nf6 2. g3 d5 3. Bg2 Bf5 4. O-O c5 5. d3 Nc6 6. Nbd2 e5 7. Re1 Be7 8. c4
dxc4 9. Nxc4 Qc7 10. b3 Rd8 11. Qc2 e4 12. dxe4 Bxe4 13. Qb2 O-O 14. Bf4 Qd7 15.
Nce5 Qd5 16. Nxc6 Qxc6 17. Rad1 b6 18. Ne5 Qb7 19. f3 Bd5 20. e4 Be6 21. Bf1 Nd7
22. Nc4 f5 23. Nd6 Qa8 24. exf5 Bf6 25. Qe2 Bd4+ 26. Rxd4 cxd4 27. Qxe6+ Kh8 28.
Nf7+ Rxf7 29. Qxf7 Nf6 30. Re7 Rg8 31. Bg2 d3 32. Bd2 Qc8 33. g4 Qc2 34. Bh6
Qc5+ 35. Kf1 Qc8 36. Bxg7+ Rxg7 37. Qxg7# {Black checkmated} 1-0

[Event "Team 45 45 League T47"]
[Site "Internet Chess Club"]
[Date "2010.12.13"]
[Round "6"]
[White "BrerRabbit"]
[Black "Esslinger"]
[Result "1-0"]
[WhiteElo "1589"]
[BlackElo "1323"]
[Opening "English, 1...Nf6 (Anglo-Indian defense)"]
[ECO "A15"]
[Time "20:35:43"]
[TimeControl "2700+45"]

1. c4 Nf6 2. g3 g6 3. Bg2 Bg7 4. Nc3 d6 5. d3 e5 6. e4 O-O 7. Nge2 Bg4 8. h3 Be6
9. O-O Nbd7 10. Be3 c5 11. Nd5 Nb6 12. Ndc3 Ne8 13. f4 f5 14. Qc1 Qd7 15. Kh2
Nf6 16. Nd5 Bxd5 17. cxd5 Nh5 18. Rb1 Rf7 19. Qd2 Raf8 20. Rbc1 fxe4 21. Bxe4
exf4 22. gxf4 Nf6 23. Bg2 Nfxd5 24. a3 Nxe3 25. Qxe3 Bxb2 26. Rb1 Bxa3 27. Ra1
Bb4 28. Rxa7 Re7 29. Qf2 d5 30. Ra2 Rfe8 31. Rb2 d4 32. Ng3 Re3 33. Ne4 Qe7 34.
Rb3 Na4 35. Rc1 Nc3 36. Nxc3 dxc3 37. Be4 Rxe4 38. dxe4 Qxe4 39. Rbb1 Qd4 40.
Rc2 Re4 41. Qxd4 Rxd4 42. Kg3 Rd2 43. Rxd2 cxd2 44. Rd1 Ba5 45. Kf3 c4 46. Ke2
c3 47. Kd3 Kf7 48. Kc2 Kf6 49. Ra1 b6 50. Ra4 Kf5 51. Rd4 Ke6 52. Re4+ Kf5 53.
Rd4 g5 54. fxg5 Kxg5 55. Rg4+ Kh6 56. Rg8 Bb4 57. Rg4 Bc5 58. Rg3 b5 59. Rxc3
Be7 60. Rc6+ Kg7 61. Kxd2 b4 62. Kc2 Bf6 63. Rb6 Bc3 64. Kd3 Kf7 65. Ke4 Kg7 66.
Kf5 h6 67. h4 Be1 68. h5 Bh4 69. Rxb4 Bg5 70. Rb7+ Kf8 71. Kg6 Bc1 72. Kf6 Bg5+
73. Kg6 Bc1 74. Rb8+ Ke7 {Black resigns} 1-0

[Event "Team 45 45 League T47"]
[Site "Internet Chess Club"]
[Date "2010.12.13"]
[Round "6"]
[White "Freitac"]
[Black "cacheboy"]
[Result "0-1"]
[WhiteElo "1944"]
[BlackElo "2150"]
[Opening "Benoni: fianchetto, 11...Re8"]
[ECO "A64"]
[Time "18:06:07"]
[TimeControl "2700+45"]

1. d4 Nf6 2. c4 e6 3. g3 c5 4. d5 exd5 5. cxd5 d6 6. Nc3 Nbd7 7. Bg2 g6 8. Nf3
a6 9. a4 Bg7 10. O-O O-O 11. Nd2 Re8 12. h3 Rb8 13. Nc4 Nb6 14. Na3 Nbd7 15. Nc4
Nb6 16. Na3 Nbd7 17. Nc4 Ne5 18. Na3 Qb6 19. f4 Ned7 20. Nc4 Qc7 21. e4 b5 22.
Nxd6 Qxd6 23. e5 Qb6 24. Be3 b4 25. a5 Qb7 26. Na4 Qb5 27. Re1 Nh5 28. g4 Nxf4
29. Bxf4 Nxe5 30. Nb6 Bb7 31. Bf1 c4 32. Rxe5 Bxe5 33. Bxe5 Rxe5 34. Bxc4 Qc5+
35. Kg2 Rbe8 36. b3 Re1 37. Qxe1 Rxe1 38. Rxe1 Qxa5 39. Nd7 Bxd5+ 40. Kg1 Bxc4
41. bxc4 b3 42. Re5 Qa1+ 43. Kg2 b2 44. Nf6+ Kg7 45. g5 b1=Q 46. Re8 Qg1+ {White
resigns} 0-1

[Event "Team 45 45 League T47"]
[Site "Internet Chess Club"]
[Date "2010.12.13"]
[Round "6"]
[White "BlackHorse"]
[Black "AntMantis"]
[Result "1/2-1/2"]
[WhiteElo "1909"]
[BlackElo "1994"]
[Opening "Budapest defense"]
[ECO "A52"]
[Time "20:32:05"]
[TimeControl "2700+45"]

1. d4 Nf6 2. c4 e5 3. dxe5 Ng4 4. e3 Nxe5 5. Nc3 Nbc6 6. f4 Ng6 7. Bd3 Bc5 8. a3
a5 9. Qh5 d6 10. Nf3 Qe7 11. Nd5 Qd7 12. Bd2 Nce7 13. O-O-O Nxd5 14. Qxd5 O-O
15. Ng5 h6 16. Nxf7 Qxf7 17. Bxg6 Qxd5 18. cxd5 Bg4 19. Rde1 b5 20. h3 Bd7 21.
e4 b4 {Game drawn by mutual agreement} 1/2-1/2

[Event "Team 45 45 League T47"]
[Site "Internet Chess Club"]
[Date "2010.12.08"]
[Round "6"]
[White "Uragon-bocho"]
[Black "Phosphorus"]
[Result "0-1"]
[WhiteElo "2006"]
[BlackElo "2108"]
[Opening "King's Indian, 3.Nf3"]
[ECO "E90"]
[Time "18:00:19"]
[TimeControl "2700+45"]

1. c4 Nf6 2. d4 g6 3. Nf3 Bg7 4. Nc3 O-O 5. e4 d6 6. Bd3 Bg4 7. h3 Bxf3 8. Qxf3
Nfd7 9. Be3 Nc6 10. d5 Nce5 11. Qe2 c6 12. f4 Nxd3+ 13. Qxd3 cxd5 14. cxd5 Qa5
15. O-O Rac8 16. Rfc1 Nc5 17. Bxc5 Rxc5 18. Ne2 Bxb2 19. Kh2 Rxc1 20. Rxc1 Bxc1
21. Nxc1 Rc8 22. Qb1 Qe1 23. Qxb7 Qxc1 24. Qxe7 Qxf4+ {White resigns} 0-1

[Event "Team 45 45 League T47"]
[Site "Internet Chess Club"]
[Date "2010.12.09"]
[Round "6"]
[White "eSeM"]
[Black "AntonioMendonca"]
[Result "1-0"]
[WhiteElo "1941"]
[BlackElo "1534"]
[Opening "French defense"]
[ECO "C00"]
[Time "18:34:40"]
[TimeControl "2700+45"]

1. e4 e6 2. Nc3 d5 3. exd5 exd5 4. d4 Nc6 5. Nf3 Bg4 6. Bb5 Bb4 7. O-O Ne7 8.
Bxc6+ Nxc6 9. Re1+ Be7 10. Bg5 O-O 11. Bxe7 Nxe7 12. h3 Bh5 13. Qe2 Re8 14. a4
c6 15. a5 Qc7 16. a6 b6 17. Rad1 f6 18. Qe6+ Kf8 19. Qe3 Nf5 20. Qd3 Bxf3 21.
Qxf3 Rxe1+ 22. Rxe1 Nxd4 23. Qd3 Qf4 24. Qxh7 Kf7 25. Qh5+ Kg8 26. Nxd5 Nf5 27.
Nxf4 {Black resigns} 1-0

[Event "Team 45 45 League T47"]
[Site "Internet Chess Club"]
[Date "2010.12.10"]
[Round "6"]
[White "pestka"]
[Black "Dreamshell"]
[Result "1-0"]
[WhiteElo "2306"]
[BlackElo "1887"]
[Opening "QGD Slav: 4.e3 Bf5"]
[ECO "D12"]
[Time "15:48:26"]
[TimeControl "2700+45"]

1. d4 d5 2. c4 c6 3. Nf3 Nf6 4. e3 Bf5 5. Nc3 e6 6. Nh4 Be4 7. f3 Bg6 8. Qb3 Qc7
9. Bd2 Bd6 10. cxd5 exd5 11. O-O-O a5 12. e4 Bb4 13. Nxg6 hxg6 14. e5 Nfd7 15.
Qc2 Bxc3 16. Qxc3 Nf8 17. f4 Nbd7 18. g4 a4 19. f5 O-O-O 20. Qb4 b5 21. Kb1 Kb7
22. Rc1 Qb6 23. Qe7 Ra8 24. e6 Qxd4 25. exd7 Qe4+ 26. Qxe4 dxe4 27. fxg6 Nxg6
28. Bg2 Ne5 29. Bxe4 Rhd8 30. Bf4 Nc4 31. Rhd1 {Black resigns} 1-0

[Event "Team 45 45 League T47"]
[Site "Internet Chess Club"]
[Date "2010.12.11"]
[Round "6"]
[White "backrankbrawler"]
[Black "eurander"]
[Result "0-1"]
[WhiteElo "1706"]
[BlackElo "2197"]
[Opening "Levitsky attack (Queen's bishop attack)"]
[ECO "D00"]
[Time "05:17:57"]
[TimeControl "2700+45"]

1. d4 d5 2. Bg5 Bf5 3. e3 h6 4. Bh4 c6 5. Bd3 Bxd3 6. Qxd3 Nd7 7. Nf3 Ngf6 8.
O-O Qc7 9. Bg3 Qb6 10. Nbd2 e6 11. c4 Qa6 12. Qc2 Nh5 13. cxd5 cxd5 14. Rfc1
Nxg3 15. hxg3 Be7 16. a3 O-O 17. b4 b6 18. Qb3 Rfc8 19. b5 Rxc1+ 20. Rxc1 Qxa3
21. Rc7 Nf6 22. Qc2 Bd6 23. Rc3 Qa1+ 24. Kh2 Ng4+ 25. Kh3 Nxf2+ 26. Kh4 Qh1+
{White resigns} 0-1

[Event "Team 45 45 League T47"]
[Site "Internet Chess Club"]
[Date "2010.12.13"]
[Round "6"]
[White "oldsj"]
[Black "tourettes"]
[Result "1-0"]
[WhiteElo "1595"]
[BlackElo "1467"]
[Opening "French: exchange variation"]
[ECO "C01"]
[Time "16:03:51"]
[TimeControl "2700+45"]

1. e4 e6 2. d4 d5 3. exd5 exd5 4. c4 Nf6 5. Nc3 Bb4 6. Bd3 O-O 7. Ne2 Re8 8. O-O
dxc4 9. Bxc4 Bf5 10. Qb3 Qe7 11. Bxf7+ Qxf7 12. Qxb4 c6 13. Be3 Ng4 14. Ng3 Bd3
15. Rfe1 Rxe3 16. fxe3 Qf2+ 17. Kh1 Nxe3 18. Rg1 Na6 19. Qe7 Nc2 20. Rad1 Qxd4
21. Rgf1 Ne3 22. Qf7+ Kh8 23. Qf8+ {Black resigns} 1-0

[Event "Team 45 45 League T47"]
[Site "Internet Chess Club"]
[Date "2010.12.12"]
[Round "6"]
[White "Despair"]
[Black "MontanaSky"]
[Result "0-1"]
[WhiteElo "1905"]
[BlackElo "1833"]
[Opening "Nimzovich-Larsen attack: modern variation"]
[ECO "A01"]
[Time "09:00:32"]
[TimeControl "2700+45"]

1. b3 e5 2. Bb2 Nc6 3. g3 d5 4. Bg2 Nf6 5. Nf3 e4 6. Nd4 Nxd4 7. Bxd4 Be7 8. d3
Bf5 9. Nd2 c5 10. dxe4 dxe4 11. Bb2 O-O 12. O-O Qd7 13. Qe1 Rfe8 14. Rd1 Qe6 15.
Nc4 Nd5 16. Qa5 b6 17. Qa4 Bf6 18. Bxf6 Nxf6 19. Rd6 Qe7 20. Rfd1 Rad8 21. Rxd8
Rxd8 22. Rxd8+ Qxd8 23. Qxa7 Qd1+ 24. Bf1 h5 25. Ne3 Qd7 26. Qxb6 Nd5 27. Qxc5
Nxe3 28. fxe3 g6 29. a4 Qd1 30. Kg2 Bh3+ 31. Kxh3 Qxf1+ 32. Kh4 Qxe2 33. Qg5
Qxh2# {White checkmated} 0-1

[Event "Team 45 45 League T47"]
[Site "Internet Chess Club"]
[Date "2010.12.15"]
[Round "6"]
[White "alexping"]
[Black "tsia68"]
[Result "1/2-1/2"]
[WhiteElo "1987"]
[BlackElo "1913"]
[Opening "King's Indian: Averbakh system"]
[ECO "E73"]
[Time "12:19:15"]
[TimeControl "2700+45"]

1. d4 Nf6 2. c4 g6 3. Nc3 Bg7 4. e4 d6 5. Be2 O-O 6. Bg5 Na6 7. Qd2 e5 8. d5 Nc5
9. Bd3 a5 10. Bc2 Bd7 11. Nge2 Qe8 12. Be3 b6 13. f3 Kh8 14. a4 Na6 15. Nb5 Ng8
16. g4 f5 17. g5 fxe4 18. fxe4 Bh3 19. O-O-O Rf7 20. Bxb6 cxb6 21. Nxd6 Qe7 22.
Nxf7+ Qxf7 23. Rhg1 Nc5 24. Qe3 Qd7 25. Nc3 Ne7 26. Rg3 Bg4 27. Rf1 Rf8 28.
Rxf8+ Bxf8 29. Qf2 Bg7 30. Qf7 Nc8 31. Qf1 Nd6 32. h3 Bh5 33. Rg1 Kg8 34. Qg2
Qe7 35. Rf1 h6 36. h4 hxg5 37. hxg5 Nf7 38. d6 Nxd6 39. Nd5 Qd8 40. b3 Ndxe4 41.
Bxe4 Nxe4 42. Qxe4 Qxg5+ 43. Qe3 Qxe3+ 44. Nxe3 Bh6 45. Kd2 Bg5 46. Rb1 Be7 47.
Nd5 Bc5 48. Nf6+ Kg7 49. Nxh5+ gxh5 50. Rh1 Kg6 51. Kd3 Kg5 52. Ke4 Bd4 53. Rh2
Bc3 54. Rc2 Bd4 {Game drawn by mutual agreement} 1/2-1/2

[Event "Team 45 45 League T47"]
[Site "Internet Chess Club"]
[Date "2010.12.14"]
[Round "6"]
[White "PJ"]
[Black "rubo"]
[Result "1/2-1/2"]
[WhiteElo "1715"]
[BlackElo "1751"]
[Opening "Caro-Kann: classical, Spassky variation"]
[ECO "B18"]
[Time "14:00:31"]
[TimeControl "2700+45"]

1. e4 c6 2. d4 d5 3. Nc3 dxe4 4. Nxe4 Bf5 5. Ng3 Bg6 6. Nf3 Nd7 7. h4 h6 8. h5
Bh7 9. Bd3 Bxd3 10. Qxd3 Qc7 11. Bd2 Ngf6 12. O-O-O e6 13. Ne4 Nxe4 14. Qxe4 Nf6
15. Qe2 O-O-O 16. c4 c5 17. Be3 a6 18. Kb1 cxd4 19. Rxd4 Bc5 20. Bf4 Qe7 21. Qe5
Ba7 22. Rhd1 Rxd4 23. Rxd4 Rd8 24. Rxd8+ Kxd8 25. Qa5+ Kc8 26. Ne5 Bd4 27. Qd2
Bxe5 28. Bxe5 Qc5 29. Bxf6 Qf5+ 30. Kc1 Qxf6 31. g4 Qe7 32. f3 f6 33. Kc2 Qc5
34. b3 Kc7 35. Kc3 b5 36. Kb2 bxc4 37. Qf4+ e5 38. Qxc4 Qxc4 39. bxc4 Kc6 {Game
drawn by mutual agreement} 1/2-1/2

[Event "Team 45 45 League T47"]
[Site "Internet Chess Club"]
[Date "2010.12.10"]
[Round "6"]
[White "misuc56"]
[Black "room-matt"]
[Result "1-0"]
[WhiteElo "1855"]
[BlackElo "1621"]
[Opening "KP: Indian opening"]
[ECO "C20"]
[Time "15:00:26"]
[TimeControl "2700+45"]

1. e4 e5 2. d3 Nc6 3. c4 Nf6 4. Nc3 Bb4 5. Nf3 O-O 6. Be2 d6 7. h3 Nd4 8. O-O
Nxe2+ 9. Nxe2 Bc5 10. a3 Bb6 11. Bg5 h6 12. Bh4 c6 13. b4 Qe7 14. Qc2 Be6 15. a4
Bd8 16. Nh2 g5 17. Bg3 Nh5 18. Ng4 Nxg3 19. Nxg3 Bxg4 20. hxg4 Qd7 21. Nf5 Kh7
22. f3 Bb6+ 23. c5 dxc5 24. bxc5 Bc7 25. Kf2 Kg6 26. Rh1 Rh8 27. Rh5 Rh7 28. Ke2
Rah8 29. a5 a6 30. Qb3 Bb8 31. Rb1 f6 32. Rd1 Qc7 33. Ra1 Qf7 34. Qc3 Qe6 35.
Qc2 Kf7 36. Rb1 Qd7 37. Qb3+ Kg6 38. Rbh1 Qd8 39. g3 Qf8 40. Qe6 Qf7 41. Qxf7+
Kxf7 42. Ke3 Kg6 43. d4 exd4+ 44. Kxd4 Bc7 45. Kc4 Bxa5 46. f4 Bc7 47. fxg5 fxg5
48. Re1 a5 49. e5 Re8 50. e6 Bd8 51. Reh1 Reh8 52. Rd1 Re8 53. Rd7 Rxd7 54.
Rxh6# {Black checkmated} 1-0

[Event "Team 45 45 League T47"]
[Site "Internet Chess Club"]
[Date "2010.12.11"]
[Round "6"]
[White "mickeys"]
[Black "kabindra"]
[Result "1-0"]
[WhiteElo "1943"]
[BlackElo "1777"]
[Opening "King's Indian: 6.Be2"]
[ECO "E91"]
[Time "15:00:49"]
[TimeControl "2700+45"]

1. d4 Nf6 2. Nf3 g6 3. c4 Bg7 4. Nc3 O-O 5. e4 d6 6. Be2 b6 7. O-O Bb7 8. Qc2
Nc6 9. Rd1 Qc8 10. a3 e5 11. d5 Nd4 12. Nxd4 exd4 13. Rxd4 Ng4 14. Rd1 Ne5 15.
Nb5 a6 16. Nd4 Qd7 17. Be3 Rac8 18. Qd2 Rfe8 19. f3 c5 20. dxc6 Nxc6 21. Nxc6
Qxc6 22. Qb4 f5 23. Rxd6 Qc7 24. Bxb6 Qb8 25. Rad1 fxe4 26. f4 Rc6 27. c5 Qc8
28. Rd8 {Black resigns} 1-0

[Event "Team 45 45 League T47"]
[Site "Internet Chess Club"]
[Date "2010.12.11"]
[Round "6"]
[White "vaknight"]
[Black "pishd"]
[Result "0-1"]
[WhiteElo "1740"]
[BlackElo "1715"]
[Opening "Bird's opening"]
[ECO "A03"]
[Time "07:04:59"]
[TimeControl "2700+45"]

1. f4 d5 2. Nf3 Bg4 3. e3 Nd7 4. b3 c6 5. Bb2 Ngf6 6. Bd3 e6 7. O-O Bd6 8. h3
Bxf3 9. Qxf3 Qe7 10. Qg3 Rg8 11. Be5 Nh5 12. Qf3 Nxe5 13. Qxh5 Nxd3 14. Qxh7
O-O-O 15. Qxd3 g5 16. Nc3 g4 17. e4 gxh3 18. Qxh3 Rh8 19. Qg3 Bc5+ 20. Rf2 Rdg8
21. Qf3 Qh4 {White resigns} 0-1

[Event "Team 45 45 League T47"]
[Site "Internet Chess Club"]
[Date "2010.12.12"]
[Round "6"]
[White "cknights"]
[Black "loserloser"]
[Result "1-0"]
[WhiteElo "1891"]
[BlackElo "1788"]
[Opening "King's Indian: Sämisch, 5...O-O"]
[ECO "E81"]
[Time "11:00:26"]
[TimeControl "2700+45"]

1. d4 Nf6 2. c4 g6 3. Nc3 Bg7 4. e4 d6 5. f3 O-O 6. Be3 a6 7. Qd2 Nbd7 8. Bd3 c5
9. d5 Ne5 10. Nge2 Qb6 11. O-O-O Qb4 12. a3 Qb3 13. Bc2 Qxc4 14. b3 {Black
resigns} 1-0

[Event "Team 45 45 League T47"]
[Site "Internet Chess Club"]
[Date "2010.12.12"]
[Round "6"]
[White "Muravey"]
[Black "CameronD"]
[Result "0-1"]
[WhiteElo "1529"]
[BlackElo "1710"]
[Opening "Caro-Kann: Panov-Botvinnik attack"]
[ECO "B13"]
[Time "16:01:51"]
[TimeControl "2700+45"]

1. e4 c6 2. d4 d5 3. exd5 cxd5 4. c4 Nf6 5. Nc3 Nc6 6. Be3 e6 7. Nf3 Be7 8. Bd3
O-O 9. O-O b6 10. a3 Ba6 11. Qa4 Na5 12. b3 Bc8 13. Ne5 Nd7 14. Nc6 Nxc6 15.
Qxc6 Rb8 16. cxd5 Bb7 17. Qb5 a6 18. Qa4 b5 19. Nxb5 axb5 20. Bxb5 Nb6 21. Qa7
Bxd5 22. Bf4 Bd6 23. Bxd6 Qxd6 24. Qa5 Rfc8 25. Ba6 Rc2 26. Bd3 Ra8 27. Qe1 Rc7
28. b4 Nc4 29. a4 Nb2 30. Bxh7+ Kxh7 31. Qb1+ Kg8 32. Qxb2 Rc4 33. Rfb1 Bb7 34.
Rd1 Rxb4 35. Qa3 Qd5 36. f3 Rxd4 37. Rxd4 Qxd4+ 38. Kh1 Rd8 39. h3 Qd5 40. a5
Ba6 41. Qb4 Qg5 42. Qb6 Rd2 43. Qb8+ Kh7 44. Qb1+ Bd3 45. Qg1 Qd5 46. a6 Bxa6
47. Qb1+ Qd3 48. Qe1 Bb7 49. Qh4+ Kg8 50. Qa4 Bxf3 51. Qe8+ Kh7 52. Qxf7 Bxg2+
53. Kg1 Qe3+ 54. Kh2 Be4+ 55. Qf2 Qxf2# {White checkmated} 0-1

[Event "Team 45 45 League T47"]
[Site "Internet Chess Club"]
[Date "2010.12.09"]
[Round "6"]
[White "crazyhorses"]
[Black "Mymas"]
[Result "1-0"]
[WhiteElo "1556"]
[BlackElo "1450"]
[Opening "Sicilian: Labourdonnais-Löwenthal variation"]
[ECO "B32"]
[Time "17:00:28"]
[TimeControl "2700+45"]

1. e4 c5 2. Nf3 Nc6 3. d4 cxd4 4. Nxd4 e5 5. Nb5 Nf6 6. N1c3 d6 7. Bg5 a6 8.
Bxf6 Qxf6 9. Nc7+ Kd7 10. Nxa8 Qd8 11. Nd5 b5 12. Qg4+ Ke8 13. Nac7+ Qxc7 14.
Nxc7+ Kd8 15. Qf3 Kxc7 16. Qxf7+ {Black forfeits on time} 1-0

[Event "Team 45 45 League T47"]
[Site "Internet Chess Club"]
[Date "2010.12.13"]
[Round "6"]
[White "Nosaj"]
[Black "mongmong"]
[Result "0-1"]
[WhiteElo "1392"]
[BlackElo "1543"]
[Opening "French: Winawer (Nimzovich) variation"]
[ECO "C15"]
[Time "20:00:15"]
[TimeControl "2700+45"]

1. e4 e6 2. d4 d5 3. Nc3 Bb4 4. f3 dxe4 5. fxe4 Qh4+ 6. g3 Qxe4+ 7. Ne2 Qxh1 8.
Be3 Nf6 9. Qd3 Qe4 10. Qd2 Ng4 11. O-O-O Qxe3 12. Qxe3 Nxe3 13. Re1 Nxf1 14.
Rxf1 Bxc3 15. Nxc3 c6 16. Ne4 Ke7 17. c3 Nd7 18. Kb1 Nf6 19. Nd2 b6 20. a3 Bb7
21. Nb3 Rad8 22. Ka2 Rd7 23. h3 Rhd8 24. g4 Ba6 25. Ra1 Bc4 26. a4 a5 27. Rd1
Ne4 28. Rc1 Nd2 29. Ka3 Nxb3 30. Rf1 c5 31. Rf3 cxd4 32. cxd4 Nxd4 33. Rc3 b5
34. b4 axb4+ 35. Kxb4 Nc6+ 36. Ka3 Ra8 37. Kb2 Rxa4 38. Kc2 Ra2+ 39. Kc1 Rdd2
40. Re3 Rh2 41. Re2 Rhxe2 42. g5 Re1# {White checkmated} 0-1

[Event "Team 45 45 League T47"]
[Site "Internet Chess Club"]
[Date "2010.12.10"]
[Round "6"]
[White "IanT"]
[Black "zigzag2002"]
[Result "0-1"]
[WhiteElo "1481"]
[BlackElo "1678"]
[Opening "Sicilian: Alapin's variation (2.c3)"]
[ECO "B22"]
[Time "20:04:30"]
[TimeControl "2700+45"]

1. e4 c5 2. c3 d5 3. exd5 Qxd5 4. d4 Nc6 5. Nf3 cxd4 6. cxd4 e5 7. Nc3 Bb4 8.
Bd2 Bxc3 9. Bxc3 e4 10. Ne5 Nxe5 11. dxe5 Ne7 12. Qxd5 Nxd5 13. e6 f6 14. Bc4
Bxe6 15. Bb5+ Kf7 16. Bd4 Nb4 17. Kd2 Rhd8 18. Kc3 Nxa2+ 19. Rxa2 Bxa2 20. b3
Rac8+ 21. Bc4+ Kg6 22. Rd1 b5 23. Kb2 bxc4 24. Kxa2 c3 25. Rc1 Rxd4 26. Ka3 Rd2
27. Kb4 c2 28. Ka3 Rd1 29. Kb2 Rxc1 30. Kxc1 a5 31. h4 h5 32. f4 exf3 33. gxf3
Kf5 34. f4 Kxf4 35. b4 axb4 36. Kb2 c1=Q+ 37. Ka2 Qc2+ 38. Ka1 Ra8# {White
checkmated} 0-1

[Event "Team 45 45 League T47"]
[Site "Internet Chess Club"]
[Date "2010.12.09"]
[Round "6"]
[White "papricka205"]
[Black "seattleblues"]
[Result "1-0"]
[WhiteElo "1310"]
[BlackElo "1241"]
[Opening "French: advance variation"]
[ECO "C02"]
[Time "19:14:31"]
[TimeControl "2700+45"]

1. e4 e6 2. d4 d5 3. e5 b6 4. Nf3 Ba6 5. Bxa6 Nxa6 6. O-O c5 7. c3 Nb8 8. Bg5
Be7 9. Bxe7 Nxe7 10. Na3 O-O 11. c4 Nf5 12. Qd3 Nc6 13. dxc5 Nb4 14. Qd2 bxc5
15. cxd5 Qxd5 16. Qc3 Rac8 17. Nb5 Qd7 18. Na3 Nd5 19. Rfd1 Nd4 20. Nxd4 cxd4
21. Qxd4 Rc7 22. Rac1 Rxc1 23. Rxc1 Rd8 24. h3 h6 25. Nc4 Qa4 26. a3 Rd7 27. Qd3
Nf4 28. Qf3 Nd3 29. Qa8+ Kh7 30. Qe4+ Kg8 31. Rb1 Nc5 32. Qa8+ Kh7 33. Nd6 Qc2
34. Re1 Nd3 35. Qe4+ Kg8 36. Re2 Qc1+ 37. Kh2 Qf4+ 38. Qxf4 Nxf4 39. Rc2 Ng6 40.
Rc5 f6 41. Nc4 Rd5 42. Rc6 Nxe5 43. Nxe5 Rxe5 44. Rc8+ Kh7 45. Rc7 Re2 46. Rxa7
Rxf2 47. b4 Rb2 48. Rb7 Ra2 49. Ra7 Rb2 50. Re7 Ra2 51. Rxe6 Rxa3 52. b5 Ra8 53.
Re1 Rb8 54. Rb1 Kg6 55. Kg3 Kf5 56. Kh4 g5+ 57. Kh5 Kf4 58. Kxh6 Kg3 59. Kg6
Kxg2 60. Kxf6 Kxh3 61. Kxg5 Rg8+ 62. Kf5 Rf8+ 63. Ke5 Re8+ 64. Kd6 Rb8 65. b6
Kg4 66. Kc7 Ra8 67. b7 Ra7 68. Kc8 Ra4 69. b8=Q {Black resigns} 1-0

[Event "Team 45 45 League T47"]
[Site "Internet Chess Club"]
[Date "2010.12.14"]
[Round "6"]
[White "badmove"]
[Black "krysto"]
[Result "1-0"]
[WhiteElo "1720"]
[BlackElo "1479"]
[Opening "Queen's gambit declined"]
[ECO "D30"]
[Time "15:02:24"]
[TimeControl "2700+45"]

1. d4 e6 2. c4 d5 3. Nf3 Nf6 4. g3 c6 5. Bg2 Nbd7 6. O-O dxc4 7. Qc2 Be7 8. Qxc4
Nb6 9. Qc2 O-O 10. Nc3 Qc7 11. Bf4 Bd6 12. Bxd6 Qxd6 13. e4 Qe7 14. Rfe1 Bd7 15.
Rad1 Rad8 16. d5 cxd5 17. exd5 Nfxd5 18. Nxd5 Nxd5 19. Rxd5 Rc8 20. Qb3 Bc6 21.
Rdd1 Bd5 22. Qe3 Qb4 23. Qd2 Qg4 24. Qd3 h6 25. Rc1 Qb4 26. Qd4 Qa5 27. Qd2 Qb6
28. b3 Rcd8 29. Qe3 Qa5 30. Rc2 Bc6 31. Rec1 Rfe8 32. Ne5 Bxg2 33. Kxg2 Rd5 34.
Rc8 Rdd8 35. Rxd8 Rxd8 36. Qe2 Qb4 37. Rc7 Rd2 38. Qf3 Rxa2 39. Qxf7+ Kh8 40.
Qxg7# {Black checkmated} 1-0